 Dungeon Crawl Stone Soup version 0.26-a0-639-g72c4674329 (webtiles) character file.

Game seed: 8010837270212968297

15834 Flugslaktarn the Fighter (level 12, 0/100 HPs)
             Began as a Formicid Fighter on Sept 21, 2020.
             Was an Elder of Uskayaw.
             Succumbed to a green ugly thing's poison
             ... on level 13 of the Dungeon.
             The game lasted 00:07:19 (10064 turns).

Flugslaktarn the Fighter (Formicid Fighter)        Turns: 10064, Time: 00:07:20

Health: 0/100      AC: 31    Str: 27    XL:     12   Next: 62%
Magic:  17/17      EV:  6    Int:  7    God:    Uskayaw [****..]
Gold:   439        SH: 17    Dex: 10    Spells: 11/11 levels left

rFire    . . .     SeeInvis +   j - +0 battleaxe
rCold    . . .     Faith    .   c - +0 kite shield
rNeg     . . .     Spirit   .   l - +2 crystal plate armour
rPois    .         Reflect  +   (helmet unavailable)
rElec    .         Harm     .   i - +2 cloak
rCorr    .         Rampage  .   B - +2 pair of gloves
MR       ++...                  A - +2 pair of boots
Stlth    ..........             h - amulet of reflection
HPRegen  0.26/turn              m - ring of protection from magic
MPRegen  0.15/turn              v - +4 ring of evasion

@: mighty, lethally poisoned (0 -> -11), grasped by roots, constricted
A: permanent stasis, dig shafts and tunnels, four strong arms, antennae 3
a: Dig, Shaft Self, Stomp, Line Pass, Renounce Religion


You were on level 13 of the Dungeon.
You worshipped Uskayaw.
Uskayaw was noncommittal.
You visited 2 branches of the dungeon, and saw 14 of its levels.

You collected 642 gold pieces.
You spent 203 gold pieces at shops.

Inventory:

Hand Weapons
 a - a +1 war axe
 j - a +0 battleaxe (weapon)
   (You took it off an orc warrior on level 7 of the Dungeon)
Armour
 c - a +0 kite shield (worn)
 i - a +2 cloak (worn)
   (You found it on level 1 of the Dungeon)
 l - a +2 crystal plate armour (worn)
   (You acquired it on level 7 of the Dungeon)
 A - a +2 pair of boots (worn)
   (You found it on level 1 of the Dungeon)
 B - a +2 pair of gloves (worn)
   (You found it on level 6 of the Dungeon)
Jewellery
 f - an uncursed ring of protection from fire
   (You found it on level 12 of the Dungeon)
 h - an amulet of reflection (around neck)
   (You took it off an orc on level 12 of the Dungeon)
 k - an uncursed ring of resist corrosion
   (You found it on level 7 of the Dungeon)
 m - a ring of protection from magic (left hand)
   (You bought it in a shop on level 10 of the Dungeon)
 v - a +4 ring of evasion (right hand)
   (You found it on level 1 of the Dungeon)
Wands
 C - a wand of paralysis (19)
   (You found it on level 9 of the Dungeon)
 E - a wand of acid (23)
   (You found it on level 5 of the Dungeon)
Scrolls
 p - a scroll of fog
 s - 2 scrolls of immolation
 u - 5 scrolls of enchant weapon
 x - 5 scrolls of remove curse
 y - a scroll of enchant armour
 H - a scroll of magic mapping
Potions
 b - 3 potions of ambrosia
 d - 2 potions of might
 e - 2 potions of lignification
 g - 2 potions of mutation
 n - 3 potions of resistance
 q - 3 potions of curing
 D - a potion of cancellation {unknown}


   Skills:
 + Level 11.6 Fighting
 - Level 10.5 Axes
 - Level 8.7 Armour
 - Level 9.4 Shields
 - Level 7.9 Invocations
 - Level 6.0 Evocations


You had 11 spell levels left.
You didn't know any spells.
Your spell library was empty.

Dungeon Overview and Level Annotations

Branches:
Dungeon (13/15)            Temple (1/1) D:4            Lair (0/6) D:11
    Orc (0/2) D:9
 Vaults: D:13-14

Altars:
Ashenzari
Cheibriados
Dithmenos
Elyvilon
Fedhas
Gozag
Hepliaklqana
Kikubaaqudgha
Makhleb
Nemelex Xobeh
Okawaru
Qazlal
Ru
Sif Muna
Trog
Uskayaw
Vehumet
Wu Jian
Xom
Yredelemnul
Zin
The Shining One

Shops:
D:4 :   D:10 *(

Annotations:
D:4 3 runed translucent doors, p0werm0de's ghost, amateur MiFi
D:12 exclusion: ice statue
D:13 Jorgrun


Innate Abilities, Weirdness & Mutations

You cannot be hasted, slowed, berserked, paralysed or teleported.
You can dig through walls and to a lower floor.
Your four strong arms can wield two-handed weapons with a shield.
You have a pair of large antennae on your head. (SInv)


Message History

Jorgrun hits you with a +0 vorpal quarterstaff.
* * * LOW HITPOINT WARNING * * *
x3 The grasping roots constrict you.
An orc comes into view. It is wielding a +0 falchion.
Uskayaw will force your foes to share their pain.
Uskayaw links your audience in an emotional bond!
The helpless kobold demonologist fails to defend itself.
You slice the kobold demonologist!!
You kill the kobold demonologist!
The shadow imp disappears in a puff of smoke! x2
The crimson imp disappears in a puff of smoke!
The helpless green ugly thing fails to defend itself.
You slash the green ugly thing! You closely miss Jorgrun.
The helpless centaur warrior fails to defend itself.
You slice the centaur warrior!!
You kill the centaur warrior!
Training target 6.0 for Evocations reached!
Your Evocations skill increases to level 6!
You need to enable at least one skill for training.
You die...

#. #.# .##. ..#
..... ..o ...h .a
{ ##.hKK #.# .
#.§§h##..#####.#
#.#.K))g....... .
....#u@.....# ##.#
#..).(....###..
#.#K..§...#... #.
#....(.(#[#
#.#.#.....(...# ..
[..........## #
#..#.......(#
#.#..)...#..######
#.#......#.......#


You could see Jorgrun (pain bonded), a green ugly thing (paralysed, pain
bonded), a soldier ant (pain bonded), 2 big kobolds, 3 howler monkeys, an orc
(pain bonded) and a kobold (paralysed, pain bonded).

Vanquished Creatures
  A hydra (D:10)
  A centaur warrior (D:13)
  Sonja (D:10)
  Pikel (D:7)
  A cyclops (D:12)
  Maurice (D:8)
  3 centaur skeletons
  A kobold demonologist (D:13)
  4 trolls
  Prince Ribbit (D:8)
  A jumping spider (shapeshifter) (D:8)
  2 hippogriffs
  A hornet (D:11)
  A slime creature (D:8)
  14 yaks
  2 wyverns
  A human (D:9)
  2 wargs (D:9)
  An acid dragon (D:12)
  A porcupine (D:11)
  A necrophage (D:9)
  An ice beast (D:10)
  5 black bears
  An eye of draining (D:12)
  4 orc warriors
  7 sky beasts
  A phantom (D:10)
  9 centaurs
  9 ogres
  A lemure (D:7)
  A crocodile (D:11)
  2 big kobolds
  10 bullfrogs
  2 scorpions (D:11)
  3 killer bees (D:9)
  17 wights
  6 howler monkeys
  A bullfrog zombie (D:8)
  A centaur zombie (D:6)
  8 hounds
  11 orc wizards
  11 orc priests
  4 bullfrog skeletons
  3 iguanas
  11 worker ants
  2 hound skeletons (D:11)
  A worker ant zombie (D:5)
  4 gnolls (D:5)
  A howler monkey skeleton (D:6)
  4 river rats (D:6)
  11 adders
  3 white imps
  2 ufetubi (D:7)
  An ooze (D:6)
  An adder zombie (D:7)
  An adder skeleton (D:4)
  A worm (D:6)
  4 dart slugs
  5 leopard geckos
  35 orcs
  A ball python (D:1)
  4 bats
  4 giant cockroaches
  5 goblins
  3 hobgoblins
  9 jackals
  2 quokkas
  A jackal zombie (D:5)
  12 kobolds
  A leopard gecko skeleton (D:4)
  A quokka skeleton (D:4)
  A quokka zombie (D:7)
  6 rats
297 creatures vanquished.

Vanquished Creatures (others)
  An orc warrior (D:12)
  A sky beast (D:12)
  A bullfrog (D:12)
  A quasit (D:12)
  3 orcs (D:12)
  12 fungi (D:11)
  12 plants (D:11)
31 creatures vanquished.

Grand Total: 328 creatures vanquished

Notes
Turn   | Place    | Note
-------+----------+-------------------------------------------
     0 | D:1      | Flugslaktarn the Formicid Fighter began the quest for the
                  | Orb.
     0 | D:1      | Reached XP level 1. HP: 18/18 MP: 1/1
    69 | D:1      | Reached XP level 2. HP: 23/24 MP: 2/2
   223 | D:1      | Reached XP level 3. HP: 29/30 MP: 3/3
   608 | D:2      | Found a radiant altar of Vehumet.
   613 | D:2      | Found an ancient bone altar of Kikubaaqudgha.
   614 | D:2      | Found a shimmering blue altar of Sif Muna.
   889 | D:3      | Reached XP level 4. HP: 36/37 MP: 4/4
   893 | D:3      | Reached skill level 4 in Fighting
  1062 | D:4      | Noticed an ogre
  1072 | D:4      | Killed an ogre
  1072 | D:4      | Reached XP level 5. HP: 40/43 MP: 5/5
  1127 | D:4      | Found Siudamie's Book Emporium.
  1205 | D:4      | Reached XP level 6. HP: 34/49 MP: 6/6
  1461 | D:4      | Noticed an ogre
  1473 | D:4      | Killed an ogre
  1473 | D:4      | Reached skill level 5 in Fighting
  1653 | D:4      | Found a runed translucent gate.
  1653 | D:4      | Found a runed translucent gate.
  1653 | D:4      | Found a runed translucent gate.
  1655 | D:4      | Found a staircase to the Ecumenical Temple.
  1735 | D:4      | Noticed p0werm0de's ghost (amateur MiFi)
  1735 | D:4      | Noticed an ice beast
  1758 | D:4      | Reached XP level 7. HP: 29/56 MP: 7/7
  1799 | Temple   | Entered the Ecumenical Temple
  2027 | Temple   | Became a worshipper of Uskayaw the Reveler
  2145 | D:4      | Reached * piety under Uskayaw
  2147 | D:4      | Reached ** piety under Uskayaw
  2298 | D:4      | Found a burning altar of Makhleb.
  2305 | D:4      | Noticed an Executioner
  2308 | D:4      | Noticed a hellwing
  2308 | D:4      | Noticed a neqoxec
  2358 | D:5      | Entered Level 5 of the Dungeon
  2367 | D:5      | Found a basalt altar of Yredelemnul.
  2418 | D:5      | Reached skill level 5 in Shields
  2420 | D:5      | Reached *** piety under Uskayaw
  2421 | D:5      | Reached skill level 1 in Invocations
  2429 | D:5      | Reached **** piety under Uskayaw
  2436 | D:5      | Reached ***** piety under Uskayaw
  2608 | D:5      | Reached skill level 6 in Fighting
  2608 | D:5      | Reached skill level 5 in Axes
  2725 | D:5      | Reached XP level 8. HP: 64/64 MP: 9/9
  3020 | D:5      | Found a shimmering blue altar of Sif Muna.
  3266 | D:5      | Found a white marble altar of Elyvilon.
  3348 | D:6      | Noticed a wyvern
  3356 | D:6      | Killed a wyvern
  3356 | D:6      | Reached skill level 5 in Armour
  3543 | D:6      | Reached skill level 7 in Fighting
  3576 | D:6      | Reached XP level 9. HP: 72/72 MP: 11/11
  3578 | D:6      | Found a sparkling altar of Nemelex Xobeh.
  3581 | D:6      | Found a bloodstained altar of Trog.
  4705 | D:7      | Reached skill level 8 in Fighting
  4819 | D:7      | Noticed Pikel
  4842 | D:7      | Killed Pikel
  4921 | D:7      | Found a shimmering altar of Xom.
  4991 | D:7      | Reached XP level 10. HP: 82/82 MP: 13/13
  5177 | D:7      | Reached skill level 5 in Invocations
  5392 | D:7      | Identified a scroll of acquirement
  5393 | D:7      | Acquired a +2 crystal plate armour
  5543 | D:8      | Noticed Prince Ribbit
  5545 | D:8      | Reached skill level 9 in Fighting
  5561 | D:8      | Killed Prince Ribbit
  5696 | D:8      | Found an iron altar of Okawaru.
  5696 | D:8      | Noticed Maurice
  5708 | D:8      | Killed Maurice
  6343 | D:9      | Found a staircase to the Orcish Mines.
  6361 | D:9      | Reached ****** piety under Uskayaw
  6363 | D:9      | Reached XP level 11. HP: 90/90 MP: 15/15
  6440 | D:9      | Reached skill level 10 in Fighting
  6486 | D:9      | Found a bloodstained altar of Trog.
  6977 | D:10     | Entered Level 10 of the Dungeon
  7691 | D:10     | Found Ceoxkom's Assorted Antiques.
  7726 | D:10     | Found Nuruyvvu's Antique Weapon Emporium.
  7726 | D:10     | Noticed Sonja
  7748 | D:10     | Killed Sonja
  8019 | D:10     | Bought a scroll labeled DUEQOU ATEVUWA for 29 gold pieces
  8019 | D:10     | Bought a scroll labeled MOHEUJO OPLEU for 29 gold pieces
  8019 | D:10     | Bought a twisted glass ring for 145 gold pieces
  8118 | D:11     | Reached skill level 11 in Fighting
  8133 | D:11     | Reached skill level 10 in Axes
  8311 | D:11     | Reached XP level 12. HP: 98/100 MP: 17/17
  8397 | D:11     | Found a staircase to the Lair.
  8526 | D:11     | Noticed a seven-headed hydra
  8747 | D:10     | Killed a 13-headed hydra
  9293 | D:12     | Reached skill level 1 in Evocations
 10050 | D:13     | Noticed a centaur warrior
 10054 | D:13     | Noticed Jorgrun
 10063 | D:13     | Reached skill level 5 in Evocations
 10063 | D:13     | HP: 1/100 [Jorgrun/+0 vorpal quarterstaff (5)]
 10064 | D:13     | Killed a centaur warrior
 10064 | D:13     | Succumbed to a green ugly thing's poison

Illustrated notes

Levels and vault maps discovered:
D:1:      tarquinn_simple_flora_water_f, layout_basic, hangedman_decor_riveting
D:2:      layout_basic, grunt_temple_overflow_magic_moments, minivault_4,
          uniq_jessica
D:3:      layout_basic, guppyfry_early_orc_mine
D:4:      layout_basic, makhleb_altar_promises_db, minmay_temple_entry_slanted,
          serial_shops, shop, gammafunk_ghost_icy
D:5:      layout_loops_corners, kennysheep_ying_yang, led_sif_pool
D:6:      layout_cave_pods, grunt_temple_overflow_open, portal_sewer_entry_e
D:7:      layout_basic, basic_altar, uniq_pikel
D:8:      layout_basic, okawaru_trees_2, minmay_small_thing, uniq_erica,
          uniq_maurice, uniq_prince_ribbit1
D:9:      layout_irregular_city, erik_orc_4, trog_ov_bears_minmay
D:10:     layout_loops_cross, serial_shops, shop, shop, uniq_sonja
D:11:     layout_small_grid, grunt_lair_entry_orc_guard_hut
D:12:     layout_rooms, minmay_misc_feat_square, minivault_16,
          lemuel_flamethrower_hall
D:13:     layout_rooms, grunt_vaults_entry_tiered, serial_shops, shop,
          uniq_jorgrun
Temple:   dshaligram_water_room_temple

Skill      XL: |  1  2  3  4  5  6  7  8  9 10 11 12 |
---------------+-------------------------------------+-----
Shields        | 4 5 6 7 8 9 |  9.4
Fighting       | 4 5 6 7 8 9 11 | 11.6
Axes           | 3 4 5 6 7 8 10 | 10.5
Armour         | 4 5 6 7 8 |  8.7
Invocations    | 1 3 4 6 7 |  7.9
Evocations     | 6 |  6.0

Action                   |  1- 3 |  4- 6 |  7- 9 | 10-12 || total
-------------------------+-------+-------+-------+-------++-------
Melee: War axe           |    69 |    73 |   244 |       ||   386
       Battleaxe         |       |       |    21 |   572 ||   593
 Abil: Dig               |       |       |       |     1 ||     1
Evoke: Wand              |       |       |       |     4 ||     4
  Use: Potion            |       |     3 |       |     3 ||     6
       Scroll            |       |       |     9 |    15 ||    24
 Stab: Paralysed         |       |       |    27 |    65 ||    92
Armor: Scale mail        |    29 |    20 |    19 |       ||    68
       Skin              |       |     2 |       |       ||     2
       Crystal plate arm |       |       |   131 |   494 ||   625
Dodge: Dodged            |    26 |    44 |   111 |   234 ||   415
Block: Kite shield       |    39 |    41 |   175 |   460 ||   715
       Reflection        |       |       |       |     6 ||     6

Table legend: (Time is in decaauts)
 A = Elapsed time spent in this place.
 B = Non-inter-level travel time spent in this place.
 C = Inter-level travel time spent in this place.
 D = Time resting spent in this place.
 E = Time spent auto-exploring this place.
 F = Levels seen in this place.
 G = Mean time per level.
                   A        B        C        D        E       F      G
               +--------+--------+--------+--------+--------+-----+--------+
         Total |  10330 |   9998 |    332 |    953 |   6719 |  14 |  737.9 |
       Dungeon |  10092 |   9783 |    309 |    953 |   6506 |  13 |  776.3 |
        Temple |    237 |    215 |     22 |      0 |    213 |   1 |  237.0 |
               +--------+--------+--------+--------+--------+-----+--------+

Top non-repeatable levels by time:
    D:10: 1474 daAuts
     D:6: 1337 daAuts
     D:4: 1168 daAuts
     D:5: 987 daAuts
     D:8: 916 daAuts
    D:11: 864 daAuts
     D:7: 840 daAuts
    D:12: 794 daAuts
     D:9: 669 daAuts
     D:1: 611 daAuts
     D:2: 254 daAuts
  Temple: 237 daAuts
     D:3: 146 daAuts
    D:13: 28 daAuts
